 Dungeon Crawl Stone Soup version 0.23.0-3-gf3c87f2 (webtiles) character file.

Game seed: 6153017467570006587

920039 nikopol the Axe Maniac (level 27, -3/327 (339) HPs)
             Began as a Minotaur Berserker on Feb 18, 2019.
             Was the Champion of Trog.
             Slain by a hell knight
             ... wielding a +3 scimitar
              (18 damage)
             ... on level 7 of the Iron City of Dis on Feb 24, 2019.
             The game lasted 05:36:53 (96228 turns).

nikopol the Axe Maniac (Minotaur Berserker)        Turns: 96228, Time: 05:36:53

HP:   -3/327 (339)  AC: 51    Str: 37 (38) XL:     27
MP:   0/7           EV: 28    Int:  9 (10) God:    Trog [******]
Gold: 6182          SH:  0    Dex: 21 (22) Spells: 26/26 levels left

rFire    + + +     SeeInvis +   a - +9 executioner's axe (antimagic)
rCold    + + .     Gourm    .   (shield currently unavailable)
rNeg     + + .     Faith    .   V - +12 gold dragon scales
rPois    +         Spirit   +   U - +2 hat {MR+}
rElec    +         Reflect  .   t - +2 cloak {MR+}
rCorr    +         Harm     .   H - +1 pair of gloves of Ejiah {rF+ rN+ Dex+2}
MR       +++++                  N - +0 pair of boots "Ighel" {rC+ SInv}
Stlth    ..........             f - amulet of the Country {Spirit rF+ rN+ Slay+2}
HPRegen  0.64/turn              i - ring "Cuwesoq" {rCorr rElec rPois Int+6 Stlth+}
MPRegen  0.10/turn              d - ring "Neurghunee" {+Inv MR+ Str+8}

@: berserking, marked, very quick
A: retaliatory headbutt, horns 2, rugged brown scales 1, blurry vision 1,
deterioration 2, frail 2, sense surroundings 1, subdued magic 1
}: 6/15 runes: decaying, serpentine, slimy, silver, obsidian, abyssal
a: Berserk, Trog's Hand, Brothers in Arms, Renounce Religion, Evoke Invisibility


You were on level 7 of the Iron City of Dis.
You worshipped Trog.
Trog was exalted by your worship.
You were hungry.

You visited 12 branches of the dungeon, and saw 64 of its levels.
You visited the Abyss 4 times.
You also visited: Ice Cave, Volcano and Desolation.

You collected 8766 gold pieces.
You spent 2584 gold pieces at shops.

Inventory:

Hand Weapons
 a - a +9 antimagic executioner's axe (weapon)
 z - a +9 longbow of velocity
 K - the +14 battleaxe "Fyckyqoe" {vamp, *Noise rElec rPois Str-2}
   (Trog gifted it to you on level 1 of Gehenna)

   It inflicts no extra harm, but heals its wielder when it wounds a living foe.
   It affects your strength (-2).
   It insulates you from electricity.
   It protects you from poison.
   It may make noises in combat.
 Z - the +7 executioner's axe "Fuusy" {vamp, rElec Int+3}
   (Trog gifted it to you on level 7 of the Iron City of Dis)

   It inflicts no extra harm, but heals its wielder when it wounds a living foe.
   It affects your intelligence (+3).
   It insulates you from electricity.
Missiles
 p - 981 arrows
Armour
 t - a +2 cloak of magic resistance (worn)
 H - the +1 pair of gloves of Ejiah (worn) {rF+ rN+ Dex+2}
   (You found it on level 5 of the Pits of Slime)

   It affects your dexterity (+2).
   It protects you from fire.
   It protects you from negative energy.
 N - the +0 pair of boots "Ighel" (worn) {rC+ SInv}
   (You found it in an ice cave)

   It protects you from cold.
   It lets you see invisible.
 Q - a +2 pair of boots of flying
 U - a +2 hat of magic resistance (worn)
 V - +12 gold dragon scales (worn)
Jewellery
 d - the ring "Neurghunee" (right hand) {+Inv MR+ Str+8}
   (You found it in the Desolation of Salt)

   [ring of protection from magic]

   It affects your strength (+8).
   It affects your resistance to hostile enchantments.
   It lets you turn invisible.
 f - the amulet of the Country (around neck) {Spirit rF+ rN+ Slay+2}
   (You found it in the Desolation of Salt)

   [amulet of guardian spirit]

   It causes incoming damage to be split between your health and magic.
   It affects your accuracy and damage with ranged weapons and melee attacks
   (+2).
   It protects you from fire.
   It protects you from negative energy.
 i - the ring "Cuwesoq" (left hand) {rCorr rElec rPois Int+6 Stlth+}
   (You found it in the Desolation of Salt)

   [ring of resist corrosion]

   It affects your intelligence (+6).
   It insulates you from electricity.
   It protects you from poison.
   It makes you more stealthy.
 F - the ring of Hiusom {EV+4 Str+5}
   (You found it on level 5 of the Pits of Slime)

   [ring of evasion]

   It affects your evasion (+4).
   It affects your strength (+5).
Wands
 b - a wand of paralysis (21)
 y - a wand of scattershot (24)
 C - a wand of flame (127)
 D - a wand of polymorph (28)
 J - a wand of clouds (12)
 P - a wand of disintegration (61)
 R - a wand of iceblast (32)
 S - a wand of acid (67)
 X - a wand of enslavement (19)
 Y - a wand of digging (17)
Scrolls
 g - 32 scrolls of teleportation
 h - 19 scrolls of remove curse
 l - a scroll of blinking
 m - 9 scrolls of fog
 o - a scroll of enchant armour
 u - 9 scrolls of fear
 L - 5 scrolls of summoning
 M - 5 scrolls of magic mapping
 O - 2 scrolls of holy word
 T - 6 scrolls of identify
 W - 2 scrolls of enchant weapon
Potions
 e - 4 potions of flight
 j - 7 potions of lignification
 n - 7 potions of cancellation
 q - 3 potions of invisibility
 r - 11 potions of brilliance
 s - 5 potions of mutation
 v - 3 potions of magic
 w - 10 potions of might
 x - 11 potions of agility
 A - 6 potions of haste
 B - 13 potions of heal wounds
 E - 2 potions of resistance
 G - 24 potions of curing
 I - 9 potions of ambrosia
Comestibles
 c - 68 rations
 k - 4 chunks of flesh


   Skills:
 O Level 27 Fighting
 O Level 27 Axes
   Level 1.9(18.8) Maces & Flails
 O Level 27 Bows
 O Level 27 Armour
 O Level 27 Dodging
 + Level 20.1 Stealth
 - Level 1.2 Unarmed Combat
 + Level 0.1 Evocations


You had 26 spell levels left.
You didn't know any spells.
Your spell library was empty.

Dungeon Overview and Level Annotations

Branches:
Dungeon (15/15)            Temple (0/1) D:4            Lair (6/6) D:8
  Swamp (4/4) Lair:4        Snake (4/4) Lair:3        Slime (5/5) Lair:5
    Orc (2/2) D:12            Elf (3/3) Orc:2        Vaults (5/5) D:13
  Crypt (0/3) Vaults:3     Depths (5/5) D:15           Hell (1/1)
    Dis (7/7) Hell            Geh (7/7) Hell            Coc (0/7) Hell
    Tar (0/7) Hell            Zot (0/5) Depths:5

Altars:
Cheibriados
Dithmenos
Elyvilon
Hepliaklqana
Kikubaaqudgha
Makhleb
Nemelex Xobeh
Okawaru
Qazlal
Ru
Trog
Uskayaw
Vehumet
Wu Jian
Xom
Zin
The Shining One
Beogh

Shops:
D:4 (   D:6 (   D:8 *   D:11 =   Orc:2 !![}   Snake:4 [:[*   Vaults:2 :
Vaults:3 [!*   Vaults:5 %??   Depths:1 :   Depths:3 (   Depths:5 }=}

Portals:
Hell: Depths:1 Depths:2 Depths:3 Depths:4 Depths:5
Abyss: Depths:2 Depths:3 Depths:4
Pandemonium: Depths:3 Depths:5
Ziggurat: Depths:2


Innate Abilities, Weirdness & Mutations

You reflexively headbutt those who attack you in melee.
You have a pair of horns on your head.
You are partially covered in rugged brown scales. (AC +1, +3% HP)
Scrolls take you a little longer to read.
Your body often deteriorates upon taking damage.
You are very frail. (-20% HP)
You passively map a small area around you.
Your spells are a little easier to cast, but a little less powerful.


Message History

You slice the tormentor!!
The tormentor's magic leaks into the air.
You slice the hell knight!!
You kill the hell knight!
Trog accepts your kill.
Trog appreciates your killing of a magic user.
A freezing mist starts to gather... 2 simulacra come into view.
The hell knight barely misses you.
A war gargoyle comes into view.
It is wielding a +2 flail of protection.
The tormentor calls on the powers of darkness!
The hell knight convulses! x2; Your body is wracked with pain!
* * * LOW HITPOINT WARNING * * *
Something is bathed in an unholy light!
The hell knight convulses!
The necromancer convulses!
Something is bathed in an unholy light! x2
The hell knight convulses! x2; The necromancer convulses!
The hell knight convulses!
The necromancer convulses!
Something is bathed in an unholy light! x3
The hell knight hits you with a +3 scimitar!!
You die...

...#......).....##
#..... ,,
...#.............# *
..... #.
#......).....## *
.... *
##............## #*
... , *
*#.........9(...#.#.,
... , ,
#..#.....##p[...... ,
,
#######2.##9p......,
, #####....p☼p25.....
, #.........)@○......
, #...#...(p)p).(.#.#
,, #........Z.p.5#1#
# *
#####.(ppp..Z.+(.. ,
* ,..(.p.....## ..# ,
, * ..#......5..# .+
............##* ,
###1......... , , , ,
,


You could see a Hell Sentinel, a Brimstone Fiend, 7 hell knights, 2 war
gargoyles, 4 necromancers, 2 tormentors, 3 iron imps and 2 hell knight
simulacra.

Vanquished Creatures
  Asmodeus (Geh:7)
  the Royal Jelly (Slime:5)
  6 ancient liches
  Sojobo (Vaults:3)
  Frederick (Depths:4)
  Xtahua (Vaults:2)
  Vashnia (Snake:3)
  13 bone dragons
  Geryon (Hell)
  6 golden dragons
  2 profane servitors
  Jory (Vaults:4)
  the Enchantress (Depths:1)
  5 iron giants
  17 Brimstone Fiends
  A hellephant (Abyss:3)
  3 Tzitzimimeh
  3 Ice Fiends
  4 tentacled monstrosities
  6 Hell Sentinels
  19 liches
  3 titans (Vaults:5)
  3 deep elf master archers
  5 quicksilver dragons
  A quicksilver dragon (shapeshifter) (Depths:4)
  A deep elf blademaster (Elf:3)
  Murray (Hell)
  10 ancient champions
  7 sphinxes
  6 Executioners
  17 acid blobs
  2 eldritch tentacles
  Agnes (Snake:3)
  8 shadow dragons
  A thorn hunter (Swamp:1)
  45 tentacled starspawn
  8 nagarajas
  15 storm dragons
  A daeva (Abyss:5)
  13 tengu reavers
  A revenant (Abyss:1)
  19 fire giants
  15 azure jellies
  15 frost giants
  An iron dragon (shapeshifter) (Depths:4)
  2 draconian scorchers (Depths:5)
  26 vault wardens
  Roxanne (Swamp:2)
  5 deep elf sorcerers
  2 cacodemons
  An imperial myrmidon (Desolation)
  3 ghost moths
  An orc warlord (Orc:1)
  18 balrugs
  4 iron dragons
  5 deep elf elementalists
  A draconian shifter (Abyss:3)
  A ghoul (Vaults:3)
  A draconian stormcaller (Abyss:3)
  4 spriggan defenders
  39 reapers
  19 ironheart preservers
  16 war gargoyles
  2 ophanim
  24 stone giants
  23 very ugly things
  3 entropy weavers
  4 vampire knights
  9 lorocyprocas
  89 starcursed masses
  14 deep elf annihilators
  A dire elephant (shapeshifter) (Depths:4)
  2 pale draconians (Depths:5)
  12 deep elf demonologists
  2 yellow draconians (Depths:5)
  Azrael (Orc:2)
  2 purple draconians (Depths:5)
  2 red draconians (Depths:5)
  5 halazid warlocks (Desolation)
  5 spark wasps
  An eidolon (Abyss:4)
  2 green deaths
  5 blizzard demons
  6 deep elf death magi
  5 death oozes
  4 quicksilver dragon zombies
  6 ettins
  9 deep elf high priests
  2 crystal guardians (Depths:4)
  Josephine (D:11)
  12 fire dragons
  6 ragged hierophants (Desolation)
  35 vault guards
  18 yaktaur captains
  11 rakshasas
  22 naga warriors
  15 great orbs of eyes
  8 servants of whispers
  5 shambling mangroves
  14 ice dragons
  A quicksilver dragon skeleton (Geh:7)
  25 hydras
  4 peacekeepers (Desolation)
  A hydra (shapeshifter) (Vaults:5)
  6 spriggan air magi
  2 hell beasts
  2 juggernaut simulacra (Depths:4)
  2 ghost crabs
  7 anacondas
  A catoblepas (Lair:6)
  5 centaur warriors
  59 two-headed ogres
  8 death knights
  39 dancing weapons
  18 alligators
  A satyr (shapeshifter) (Depths:4)
  24 ogre magi
  15 deep troll shamans
  2 queen ants (shapeshifter)
  2 two-headed ogres (shapeshifter) (Depths:3)
  7 deep troll earth magi
  9 tengu warriors
  5 vampire magi
  38 hell hogs
  64 thrashing horrors
  7 orc high priests
  3 spriggan berserkers
  18 naga sharpshooters
  7 titan zombies
  4 shock serpents
  3 storm dragon zombies
  6 soul eaters
  25 deep elf knights
  13 spriggans
  3 titan skeletons
  35 sun demons
  Sonja (Orc:2)
  2 fire crabs (shapeshifter)
  30 wretched stars
  80 small abominations
  7 sixfirhies
  78 hell knights
  6 iron trolls
  2 sea snakes (Snake:3)
  3 salamander mystics
  56 skeletal warriors
  14 spatial maelstroms
  2 golden dragon zombies
  A ghost moth zombie (Dis:4)
  3 shadow wraiths
  3 spriggan druids
  12 swamp dragons
  5 anaconda zombies
  4 storm dragon skeletons
  A glowing orange brain (shapeshifter) (Depths:4)
  10 unseen horrors
  An orange crystal statue (Vaults:4)
  2 death drakes
  A quicksilver dragon simulacrum (Abyss:1)
  4 shadow dragon zombies
  7 flayed ghosts
  21 deep trolls
  20 deep elf archers
  A kraken simulacrum (Hell)
  5 naga ritualists
  4 glowing orange brains
  A shadow demon (Abyss:5)
  A lindwurm (shapeshifter) (D:15)
  5 wizards
  An anaconda skeleton (Dis:4)
  23 ironbrand convokers
  16 orc knights
  Pikel (D:4)
  7 lindwurms
  4 wolf spider zombies
  3 golden dragon skeletons
  25 necromancers
  8 mana vipers
  6 phantasmal warriors
  4 iron dragon zombies
  7 shining eyes
  74 deep elf magi
  A harpy (shapeshifter) (Vaults:5)
  36 ugly things
  5 orc sorcerers
  A fire giant zombie (Dis:6)
  4 frost giant zombies
  14 salamanders
  A salamander (shapeshifter) (Vaults:4)
  5 oklob plants
  4 stone giant zombies
  2 wolf spiders
  9 cyclopes
  8 worldbinders
  4 elephants (Lair:3)
  2 human skeletons
  A sphinx skeleton (Vaults:3)
  2 ice statues
  3 shock serpent zombies
  44 rust devils
  8 guardian serpents
  7 apocalypse crabs
  A cyclops (shapeshifter) (Abyss:5)
  4 dire elephant zombies
  2 black mambas (shapeshifter) (Abyss:5)
  31 black mambas
  4 iron dragon skeletons
  An eye of devastation (shapeshifter) (Depths:1)
  2 frost giant skeletons
  7 molten gargoyles
  4 fire giant skeletons
  3 gargoyles
  28 naga magi
  The ghost of buskinjo the Digger, a novice DEEE (D:5)
  34 smoke demons
  A torpor snail (Lair:4)
  5 orange demons
  5 spectral swamp worms (Depths:1)
  5 stone giant skeletons
  27 spiny frogs
  7 eyes of devastation
  A dire elephant skeleton (Geh:7)
  A storm dragon simulacrum (Abyss:5)
  12 vault sentinels
  A komodo dragon (shapeshifter) (Depths:2)
  A yaktaur (shapeshifter) (Vaults:5)
  2 emperor scorpion zombies
  3 centaur skeletons
  A minotaur skeleton (Geh:6)
  7 komodo dragons
  A rime drake (shapeshifter) (Depths:5)
  22 efreet
  31 hellions
  A shock serpent skeleton (Geh:3)
  2 golden dragon simulacra
  43 tormentors
  18 freezing wraiths
  96 yaktaurs
  8 anaconda simulacra
  2 kobold demonologists (D:15)
  4 harpy zombies
  7 hellwings
  26 ice devils
  28 ancient zymes
  4 tengu conjurers
  6 trolls
  3 hydra zombies
  2 demonic crawlers
  A silent spectre (Abyss:2)
  11 meliai
  32 hornets
  A queen bee (Abyss:4)
  8 tyrant leeches
  3 trolls (shapeshifter)
  23 red devils
  3 polar bears (Lair:1)
  A wolf spider simulacrum (Abyss:5)
  A wind drake (shapeshifter) (Abyss:5)
  A jumping spider (Vaults:4)
  A hornet (shapeshifter) (Vaults:2)
  2 shadow dragon simulacra
  A merfolk (shapeshifter) (Depths:2)
  6 ettin zombies
  A fire giant simulacrum (Abyss:5)
  6 bog bodies
  117 slime creatures
  5 hydra skeletons
  Grinder (D:6)
  A slime creature (shapeshifter) (Depths:4)
  6 dream sheep
  59 saltlings
  30 blink frogs
  A raiju (shapeshifter) (Depths:1)
  10 hippogriffs
  A hippogriff (shapeshifter) (Vaults:3)
  103 large abominations
  3 harpy skeletons
  3 fire dragon zombies
  89 raiju
  3 alligator zombies
  A dream sheep (shapeshifter) (Depths:4)
  52 flying skulls
  2 vampires
  5 ice dragon zombies
  10 redbacks
  16 ynoxinuls
  A tarantella (shapeshifter) (Abyss:5)
  9 water elementals
  3 black mamba zombies
  A dire elephant simulacrum (IceCv)
  5 ettin skeletons
  An air elemental (Elf:1)
  A fire dragon skeleton (Geh:1)
  An ice dragon skeleton (Geh:7)
  21 shadows
  42 yaks
  A spriggan (shapeshifter) (Depths:2)
  30 wraiths
  2 black mamba skeletons
  6 fire bats
  30 chaos spawn
  8 wyverns
  4 hungry ghosts
  20 vampire mosquitoes
  A golden eye (shapeshifter) (Vaults:2)
  8 basilisks
  24 fire elementals
  7 golden eyes
  A hog (shapeshifter) (Depths:4)
  4 steam dragons
  A steam dragon (shapeshifter) (Abyss:5)
  A human simulacrum (Vaults:3)
  A basilisk (shapeshifter) (Abyss:5)
  2 death yak simulacra (IceCv)
  20 neqoxecs
  21 spatial vortices
  2 harpy simulacra (IceCv)
  18 insubstantial wisps
  58 nagas
  A warg (shapeshifter) (Abyss:5)
  15 swamp worms
  A merfolk zombie (Geh:5)
  A torturous demonspawn zombie (Dis:7)
  5 acid dragons
  3 iron troll simulacra (IceCv)
  A soldier ant (shapeshifter) (Abyss:5)
  15 wargs
  A hydra simulacrum (IceCv)
  2 floating eyes (shapeshifter)
  18 water moccasins
  A floating eye (Slime:5)
  94 hell hounds
  7 porcupines
  A swamp drake (shapeshifter) (Abyss:5)
  A sky beast (shapeshifter) (Vaults:2)
  A spiny frog skeleton (Geh:1)
  2 spiny frog zombies
  An alligator simulacrum (Hell)
  A fire dragon simulacrum (Abyss:4)
  8 swamp drakes
  2 black bears (shapeshifter)
  11 eyes of draining
  2 ettin simulacra (IceCv)
  2 black bears
  4 ice beasts
  41 orc warriors
  A snapping turtle zombie (Dis:1)
  A wolf (shapeshifter) (Abyss:5)
  4 sky beasts
  A manticore zombie (Geh:3)
  6 necrophages
  8 boggarts
  3 phantoms
  A boggart (shapeshifter) (Abyss:5)
  2 swamp dragon skeletons
  An eye of draining (shapeshifter) (Abyss:5)
  A centaur (shapeshifter) (Abyss:5)
  49 ogres
  A snapping turtle skeleton (Geh:1)
  22 wolves
  3 manticore skeletons
  11 centaurs
  15 crocodiles
  A crocodile (shapeshifter) (Abyss:5)
  An elf zombie (Dis:4)
  A big kobold (D:8)
  A gnoll sergeant (D:6)
  A wyvern zombie (D:13)
  32 bullfrogs
  2 elf skeletons
  6 earth elementals
  A water moccasin zombie (D:11)
  2 wyvern skeletons
  A scorpion (D:8)
  10 killer bees (Abyss:4)
  An elephant simulacrum (IceCv)
  A troll zombie (Dis:1)
  58 wights
  A howler monkey (D:8)
  5 electric eels
  A howler monkey (shapeshifter) (Abyss:5)
  15 crimson imps
  2 centaur zombies
  10 jellies
  2 draconian simulacra (IceCv)
  4 quasits
  7 hounds
  4 human zombies
  44 orc priests
  A bullfrog skeleton (D:13)
  A bullfrog zombie (D:11)
  28 iron imps
  18 orc wizards
  Ijyb (D:5)
  9 iguanas
  8 worker ants
  2 spriggan simulacra (IceCv)
  2 wolf simulacra (IceCv)
  2 troll simulacra (IceCv)
  A tengu zombie (Dis:1)
  A naga zombie (Geh:4)
  2 ogre skeletons
  2 naga skeletons
  5 mummies
  19 gnolls
  3 ogre simulacra (IceCv)
  18 adders
  A naga simulacrum (IceCv)
  A river rat (shapeshifter) (Abyss:5)
  2 shadow imps
  14 white imps
  13 ufetubi
  8 oozes
  2 adder skeletons
  A worm (shapeshifter) (Abyss:3)
  12 worms
  2 dart slugs
  7 leopard geckos
  88 orcs
  5 ball pythons
  3 bats
  4 giant cockroaches
  10 goblins
  7 hobgoblins
  2 jackals (D:4)
  14 kobolds
  A quokka (D:2)
  A frilled lizard (shapeshifter) (Abyss:5)
  12 frilled lizards
  A kobold (shapeshifter) (Abyss:5)
  An orc skeleton (Geh:7)
  An orc zombie (Dis:1)
  A quokka zombie (D:6)
  9 rats
  2 crawling corpses (Vaults:2)
  2 fire vortices (Volcano)
  4 fungi
  6 lurking horrors
  3 plants
  23 starspawn tentacles
  A tentacle (Hell)
4486 creatures vanquished.

Vanquished Creatures (others)
  A fire giant (Geh:7)
  A deep elf sorcerer (Vaults:5)
  An iron dragon zombie (Geh:7)
  A shadow dragon skeleton (Geh:7)
  A black mamba (Snake:2)
  A spiny frog (Lair:5)
  A hellion (Geh:7)
  An ancient zyme (Abyss:4)
  A hornet (Swamp:4)
  3 raiju
  6 golden eyes
  4 small abominations
  2 chaos spawn
  A soldier ant (Abyss:5)
  A naga (Abyss:4)
  A hell hound (Geh:7)
  A swamp drake (Swamp:2)
  A necrophage (Geh:3)
  2 large abominations
  An ogre (Abyss:5)
  A wyvern skeleton (D:11)
  A wight (Geh:3)
  2 white imps (IceCv)
  4 ufetubi (IceCv)
  An orc (Vaults:3)
  A frilled lizard (D:4)
  2 bushes (Abyss:1)
  7 fungi
  2 lurking horrors
  50 plants
  55 starspawn tentacles
  3 tentacles (Hell)
161 creatures vanquished.

Grand Total: 4647 creatures vanquished

Notes
Turn   | Place    | Note
-------+----------+-------------------------------------------
     0 | D:1      | nikopol the Minotaur Berserker began the quest for the Orb.
     0 | D:1      | Reached XP level 1. HP: 19/19 MP: 0/0
   312 | D:1      | Reached XP level 2. HP: 27/27 MP: 1/1
   554 | D:1      | Reached ** piety under Trog
   554 | D:1      | Reached XP level 3. HP: 33/33 MP: 2/2
  1566 | D:3      | Found an ornate altar of the Wu Jian Council.
  1623 | D:3      | Reached XP level 4. HP: 36/40 MP: 3/3
  2049 | D:3      | Found a sparkling altar of Nemelex Xobeh.
  2050 | D:3      | Found a hide-covered altar of Uskayaw.
  2052 | D:3      | Found a bloodstained altar of Trog.
  2061 | D:3      | Found a stormy altar of Qazlal.
  2062 | D:3      | Found a glowing silver altar of Zin.
  2062 | D:3      | Found an ancient bone altar of Kikubaaqudgha.
  2062 | D:3      | Found a burning altar of Makhleb.
  2063 | D:3      | Found a shimmering altar of Xom.
  2065 | D:3      | Found a white marble altar of Elyvilon.
  2066 | D:3      | Found a snail-covered altar of Cheibriados.
  2067 | D:3      | Found a radiant altar of Vehumet.
  2145 | D:4      | Found Ruastoa's Antique Weapon Boutique.
  2280 | D:4      | Noticed Pikel
  2280 | D:4      | Noticed a slave
  2280 | D:4      | Noticed a slave
  2280 | D:4      | Noticed a slave
  2298 | D:4      | Killed Pikel
  2298 | D:4      | Reached skill level 5 in Fighting
  2298 | D:4      | Reached XP level 5. HP: 48/48 MP: 4/4
  2298 | D:4      | Reached XP level 6. HP: 56/56 MP: 5/5
  2298 | D:4      | Reached XP level 7. HP: 61/61 MP: 6/6
  2359 | D:4      | Found a staircase to the Ecumenical Temple.
  2550 | D:5      | Entered Level 5 of the Dungeon
  2556 | D:5      | Reached skill level 5 in Armour
  2558 | D:5      | Reached *** piety under Trog
  2821 | D:5      | Reached skill level 1 in Stealth
  3369 | D:5      | Noticed Ijyb
  3377 | D:5      | Killed Ijyb
  3387 | D:5      | Reached XP level 8. HP: 70/70 MP: 7/7
  4075 | D:6      | Found Qepsu's Antique Weapon Emporium.
  4078 | D:6      | Bought a runed shortbow for 168 gold pieces
  4103 | D:6      | Found a runed translucent gate.
  4110 | D:6      | Noticed buskinjo's ghost (novice DEEE)
  4111 | D:6      | Found a runed translucent gate.
  4111 | D:6      | Found a runed translucent gate.
  4111 | D:6      | Identified the cursed +1 chain mail "Feyvan" {Dex+3}
  4115 | D:6      | Found a roughly hewn altar of Beogh.
  4132 | D:6      | Reached skill level 1 in Bows
  4342 | D:6      | Noticed Grinder
  4360 | D:6      | Killed Grinder
  4360 | D:6      | Reached XP level 9. HP: 46/78 MP: 8/8
  4516 | D:6      | Reached **** piety under Trog
  4668 | D:6      | Received a gift from Trog
  5196 | D:7      | Reached skill level 5 in Bows
  6473 | D:8      | Received a gift from Trog
  6548 | D:8      | Reached skill level 10 in Axes
  6656 | D:8      | Reached XP level 10. HP: 85/88 MP: 9/9
  6946 | D:8      | Found Hirylotu's Assorted Antiques.
  7208 | D:8      | Found a staircase to the Lair.
  7547 | D:5      | Killed buskinjo's ghost
  7840 | Lair:1   | Entered Level 1 of the Lair of Beasts
  7857 | Lair:1   | Noticed a black mamba
  7865 | Lair:1   | Killed a black mamba
  7980 | Lair:1   | Reached ***** piety under Trog
  8389 | Lair:1   | Noticed a spiny frog
  8402 | Lair:1   | Reached skill level 10 in Bows
  8406 | Lair:1   | Killed a spiny frog
  8406 | Lair:1   | Reached XP level 11. HP: 49/95 MP: 10/10
  8416 | Lair:1   | Received a gift from Trog
 10188 | Lair:2   | Noticed a four-headed hydra
 10200 | Lair:2   | Killed a four-headed hydra
 10215 | Lair:2   | Received a gift from Trog
 10279 | Lair:2   | Reached skill level 10 in Armour
 10300 | Lair:2   | Reached skill level 5 in Dodging
 11528 | Lair:2   | Upgraded the game from 0.23.0 to 0.23.0-2-g0fe3ce5
 11734 | Lair:3   | Received a gift from Trog
 11920 | Lair:3   | Reached XP level 12. HP: 85/106 MP: 11/11
 12028 | Lair:3   | Found a staircase to the Snake Pit.
 12417 | Lair:3   | Reached skill level 10 in Fighting
 12516 | Lair:3   | Noticed a five-headed hydra
 12564 | Lair:3   | Killed a five-headed hydra
 12922 | Lair:3   | Received a gift from Trog
 13351 | Lair:4   | Got a crude flail
 13352 | Lair:4   | Identified the cursed +0 flail "Ilyvvueq" {pain, Str-4
                  | Dex+4 SInv} (You found it on level 4 of the Lair of Beasts)
 13537 | Lair:4   | Noticed an eight-headed hydra
 13549 | Lair:4   | Killed an eight-headed hydra
 13735 | Lair:4   | Found a staircase to the Swamp.
 13953 | Lair:4   | Received a gift from Trog
 15997 | Lair:5   | Received a gift from Trog
 16055 | Lair:5   | Found a dark tunnel.
 16062 | Volcano  | Entered a volcano
 16097 | Volcano  | Reached XP level 13. HP: 88/116 MP: 12/12
 17214 | Lair:5   | Received a gift from Trog
 17542 | Lair:5   | Found a staircase to the Slime Pits.
 18195 | Lair:6   | Entered Level 6 of the Lair of Beasts
 18477 | Lair:6   | Reached skill level 15 in Axes
 18648 | Lair:6   | Received a gift from Trog
 19677 | Lair:6   | Received a gift from Trog
 19843 | Lair:6   | Reached XP level 14. HP: 127/127 MP: 13/13
 20274 | Lair:6   | Upgraded the game from 0.23.0-2-g0fe3ce5 to
                  | 0.23.0-3-gf3c87f2
 20992 | D:9      | Found a hazy altar of Hepliaklqana.
 21103 | D:10     | Entered Level 10 of the Dungeon
 21179 | D:10     | Received a gift from Trog
 21891 | D:11     | Noticed Josephine
 21901 | D:11     | Killed Josephine
 22371 | D:11     | Found Yssipoogoa's Jewellery Shop.
 22969 | D:12     | Found a staircase to the Orcish Mines.
 23565 | D:12     | Received a gift from Trog
 23944 | Orc:1    | Entered Level 1 of the Orcish Mines
 24097 | Orc:1    | Noticed an orc warlord
 24111 | Orc:1    | Killed an orc warlord
 24121 | Orc:1    | Received a gift from Trog
 24126 | Orc:1    | Reached ****** piety under Trog
 24617 | Orc:2    | Entered Level 2 of the Orcish Mines
 24617 | Orc:2    | Noticed Sonja
 24624 | Orc:2    | Killed Sonja
 24654 | Orc:2    | Noticed Azrael
 24667 | Orc:2    | Killed Azrael
 24725 | Orc:2    | Reached skill level 15 in Bows
 25166 | Orc:2    | Found Vuarchido's Armour Boutique.
 25166 | Orc:2    | Found Binto's Gadget Emporium.
 25510 | Orc:2    | Found a roughly hewn altar of Beogh.
 25521 | Orc:2    | Found Edecrero's Distillery.
 25521 | Orc:2    | Found Qidax's Distillery.
 25526 | Orc:2    | Bought a potion of heal wounds for 70 gold pieces
 25526 | Orc:2    | Bought a potion of curing for 42 gold pieces
 25634 | Orc:2    | Bought a +1 pair of gloves of strength for 231 gold pieces
 25711 | Orc:2    | Found a roughly hewn altar of Beogh.
 25761 | Orc:2    | Found a staircase to the Elven Halls.
 25899 | D:13     | Reached XP level 15. HP: 111/136 MP: 14/14
 25950 | D:13     | Received a gift from Trog
 26275 | D:13     | Received a gift from Trog
 26276 | D:13     | Got a steaming battleaxe {god gift}
 26280 | D:13     | Identified the +10 battleaxe "Teggeuh" {chop, *Drain rElec
                  | Dex+6 SInv Stlth+} (Trog gifted it to you on level 13 of
                  | the Dungeon)
 26801 | D:13     | Found a gate to the Vaults.
 26928 | D:14     | Found a sacrificial altar of Ru.
 27865 | D:14     | Received a gift from Trog
 28291 | D:15     | Entered Level 15 of the Dungeon
 28694 | D:15     | Found a staircase to the Depths.
 28812 | D:15     | Reached skill level 1 in Maces & Flails
 29208 | D:15     | Received a gift from Trog
 29379 | Elf:1    | Entered Level 1 of the Elven Halls
 29595 | Elf:1    | Found a ruined gateway.
 29708 | Desolati | Entered the Desolation of Salt
 29799 | Desolati | Received a gift from Trog
 29799 | Desolati | Reached XP level 16. HP: 118/147 MP: 15/15
 30640 | Desolati | Got a scintillating granite ring
 30642 | Desolati | Identified the ring "Neurghunee" {+Inv MR+ Str+8} (You
                  | found it in the Desolation of Salt)
 30838 | Desolati | Got a vibrating copper amulet
 30840 | Desolati | Identified the amulet of the Country {Spirit rF+ rN+
                  | Slay+2} (You found it in the Desolation of Salt)
 30849 | Desolati | Got a pitted platinum ring
 30851 | Desolati | Got a fine bone amulet
 30940 | Desolati | Reached skill level 15 in Fighting
 31149 | Desolati | Received a gift from Trog
 31580 | Desolati | Got a steaming battleaxe
 31581 | Desolati | Identified the +4 battleaxe of Saltpetre {freeze, rPois}
                  | (You found it in the Desolation of Salt)
 31591 | Desolati | Got a brightly glowing copper ring
 31847 | Elf:1    | Identified the ring "Cuwesoq" {rCorr rElec rPois Int+6
                  | Stlth+} (You found it in the Desolation of Salt)
 31855 | Elf:1    | Identified the cursed ring "Hotz" {rPois rF+ rC+ EV-3
                  | Slay+2} (You found it in the Desolation of Salt)
 31937 | Elf:1    | Received a gift from Trog
 32302 | Elf:1    | Reached XP level 17. HP: 158/158 MP: 16/16
 32517 | Elf:1    | Received a gift from Trog
 33884 | Elf:2    | Found a runed translucent gate.
 33884 | Elf:2    | Found a runed translucent gate.
 33884 | Elf:2    | Found a runed translucent gate.
 34365 | Elf:2    | Received a gift from Trog
 34480 | Elf:2    | Received a gift from Trog
 35661 | Swamp:1  | Entered Level 1 of the Swamp
 35883 | Swamp:1  | Received a gift from Trog
 36153 | Swamp:1  | Reached XP level 18. HP: 168/168 MP: 17/17
 36209 | Swamp:1  | Received a gift from Trog
 36653 | Swamp:2  | Received a gift from Trog
 37000 | Swamp:2  | Received a gift from Trog
 37108 | Swamp:2  | Identified the amulet of Insomnia {RegenMP *Corrode rPois
                  | rF+} (You found it in the Desolation of Salt)
 37351 | Swamp:2  | Identified Roxanne's Tome of Transformation
 37351 | Swamp:2  | Noticed Roxanne
 37370 | Swamp:2  | Killed Roxanne
 37775 | Swamp:3  | Received a gift from Trog
 38375 | Swamp:4  | Entered Level 4 of the Swamp
 38807 | Swamp:4  | Received a gift from Trog
 38807 | Swamp:4  | Paralysed by a hornet for 1 turns
 39338 | Swamp:4  | Got a decaying rune of Zot
 39720 | Snake:1  | Entered Level 1 of the Snake Pit
 40077 | Snake:1  | Found a shadowy altar of Dithmenos.
 40133 | Snake:1  | Received a gift from Trog
 40642 | Snake:2  | Received a gift from Trog
 41135 | Snake:2  | Reached XP level 19. HP: 167/177 MP: 6/18
 42147 | Snake:3  | Noticed Agnes
 42153 | Snake:3  | Killed Agnes
 42451 | Snake:3  | Noticed Vashnia
 42459 | Snake:3  | Killed Vashnia
 42834 | Snake:3  | Received a gift from Trog
 43261 | Snake:4  | Entered Level 4 of the Snake Pit
 43289 | Snake:4  | Found Yzetom's Armour Shoppe.
 43625 | Snake:4  | Found Xotziev's Book Boutique.
 43662 | Snake:4  | Found Cauxziy's Assorted Antiques.
 43688 | Snake:4  | Found Faesuun's Armour Shop.
 43723 | Snake:4  | Found Zuoppow's General Store.
 43764 | Snake:4  | Bought a +1 hat for 209 gold pieces
 43893 | Snake:4  | Received a gift from Trog
 44303 | Snake:4  | Received a gift from Trog
 44481 | Snake:4  | Got a serpentine rune of Zot
 45121 | Vaults:1 | Entered Level 1 of the Vaults
 45135 | Vaults:1 | Reached XP level 20. HP: 169/188 MP: 5/19
 45287 | Vaults:1 | Reached skill level 15 in Armour
 45765 | Vaults:1 | Received a gift from Trog
 46655 | Vaults:2 | Received a gift from Trog
 46902 | Vaults:2 | Received a gift from Trog
 47317 | Vaults:2 | Found Masebboqe's Book Boutique.
 47712 | Vaults:2 | Received a gift from Trog
 48443 | Vaults:2 | Received a gift from Trog
 48678 | Vaults:2 | Got a jewelled battleaxe {god gift}
 48684 | Vaults:2 | Identified the +5 battleaxe "Adaresuts" {chop, Str+7 Dex-5}
                  | (Trog gifted it to you on level 2 of the Vaults)
 48865 | Vaults:2 | Noticed Xtahua
 48870 | Vaults:2 | Killed Xtahua
 48870 | Vaults:2 | Reached XP level 21. HP: 197/198 MP: 15/20
 49271 | Vaults:2 | Identified the +8 mace of Armageddon {elec, *Drain rElec
                  | Str+7}
 49875 | Vaults:3 | Received a gift from Trog
 49972 | Vaults:3 | Found an iron altar of Okawaru.
 50883 | Vaults:3 | Received a gift from Trog
 51110 | Vaults:3 | Received a gift from Trog
 51352 | Vaults:3 | Found Syheqyon's General Store.
 51371 | Vaults:3 | Bought a scroll of teleportation for 54 gold pieces
 51375 | Vaults:3 | Found Qacudwack's Distillery.
 51381 | Vaults:3 | Noticed Sojobo
 51409 | Vaults:3 | Killed Sojobo
 51783 | Vaults:3 | Found Lacoasei's Antique Armour Emporium.
 51818 | Vaults:3 | Bought a potion of heal wounds for 70 gold pieces
 51818 | Vaults:3 | Bought a potion of heal wounds for 70 gold pieces
 51818 | Vaults:3 | Bought a potion of might for 56 gold pieces
 51818 | Vaults:3 | Bought a potion of heal wounds for 70 gold pieces
 51830 | Vaults:3 | Bought a pair of jewelled boots for 332 gold pieces
 51841 | Vaults:3 | Identified the +1 pair of boots "Zups" {Regen+ Str+6 Dex-5}
                  | (You bought it in a shop on level 3 of the Vaults)
 51936 | Vaults:3 | Reached XP level 22. HP: 185/209 MP: 7/21
 52015 | Vaults:3 | Received a gift from Trog
 52385 | Vaults:3 | Found a staircase to the Crypt.
 52936 | Vaults:4 | Received a gift from Trog
 53476 | Vaults:4 | Noticed Jory
 53490 | Vaults:4 | Killed Jory
 54084 | Vaults:4 | Received a gift from Trog
 54099 | Vaults:4 | Reached skill level 27 in Axes
 55266 | Depths:1 | Entered Level 1 of the Depths
 55320 | Depths:1 | Received a gift from Trog
 55372 | Depths:1 | Identified the +4 faerie dragon scales {rCorr Dex+3}
 55372 | Depths:1 | Noticed the Enchantress
 55379 | Depths:1 | Killed the Enchantress
 55780 | Depths:1 | Reached XP level 23. HP: 189/221 MP: 5/22
 55808 | Depths:1 | Received a gift from Trog
 56152 | Depths:1 | Found a gateway to Hell.
 56300 | Depths:1 | Found Qozeohi's One-of-a-Kind Books.
 56517 | Depths:1 | Found a glowing golden altar of the Shining One.
 56792 | Depths:2 | Received a gift from Trog
 57049 | Depths:2 | Found a gateway to a ziggurat.
 57382 | Depths:2 | Found a one-way gate to the infinite horrors of the Abyss.
 58097 | Depths:2 | Received a gift from Trog
 58415 | Depths:3 | Got a heavily runed tin amulet
 58560 | Depths:3 | Found a one-way gate leading to the halls of Pandemonium.
 58798 | Depths:3 | Found Xukhylup's Weapon Boutique.
 58852 | Depths:3 | Identified the amulet "Koaj" {Gourm rElec MR+ Str+4 Dex+4}
                  | (You found it on level 3 of the Depths)
 58976 | Depths:3 | Paralysed by a hornet for 3 turns
 60106 | Depths:4 | Reached XP level 24. HP: 218/235 MP: 3/22
 60117 | Depths:4 | Received a gift from Trog
 60291 | Depths:4 | Noticed Frederick
 60307 | Depths:4 | Killed Frederick
 61265 | Depths:5 | Entered Level 5 of the Depths
 61320 | Depths:5 | Received a gift from Trog
 61712 | Depths:5 | Received a gift from Trog
 62676 | Depths:5 | Found Ughuawyw's Gadget Boutique.
 62676 | Depths:5 | Found Qobriq's Jewellery Emporium.
 62677 | Depths:5 | Found Cogetz's Gadget Boutique.
 62924 | Depths:5 | Found a gate to the Realm of Zot.
 63224 | Elf:3    | Entered Level 3 of the Elven Halls
 63300 | Elf:3    | Found a frozen archway.
 63305 | IceCv    | Entered an ice cave
 63923 | IceCv    | Received a gift from Trog
 64359 | IceCv    | Got a pair of scorched boots
 64372 | IceCv    | Identified the +0 pair of boots "Ighel" {rC+ SInv} (You
                  | found it in an ice cave)
 64691 | Elf:3    | Reached XP level 25. HP: 248/248 MP: 22/22
 64757 | Elf:3    | Received a gift from Trog
 64945 | Elf:3    | Identified the +6 short sword "Wyamonecw" {pierce, Str+4
                  | Dex+3}
 65046 | Elf:3    | Identified a scroll of acquirement
 65209 | Elf:3    | Got a slimy longbow
 65210 | Elf:3    | Identified the +7 longbow "Owkugg" {velocity, rC+} (You
                  | found it on level 3 of the Elven Halls)
 66692 | Vaults:5 | Entered Level 5 of the Vaults
 67190 | Vaults:5 | Noticed an ancient lich
 67195 | Vaults:5 | Killed an ancient lich
 67298 | Vaults:5 | Received a gift from Trog
 67415 | Vaults:5 | Found Uphyvvu's Magic Scroll Boutique.
 67538 | Vaults:5 | Bought a scroll of teleportation for 60 gold pieces
 67538 | Vaults:5 | Bought a scroll of teleportation for 60 gold pieces
 67538 | Vaults:5 | Bought a scroll of teleportation for 60 gold pieces
 67541 | Vaults:5 | Bought a scroll of enchant weapon for 150 gold pieces
 67541 | Vaults:5 | Bought a scroll of enchant weapon for 150 gold pieces
 67612 | Vaults:5 | Found Neocev's Food Emporium.
 67612 | Vaults:5 | Found Taevvix's Magic Scroll Boutique.
 67627 | Vaults:5 | Bought a scroll of teleportation for 36 gold pieces
 67627 | Vaults:5 | Bought a scroll of teleportation for 36 gold pieces
 67627 | Vaults:5 | Bought a scroll of teleportation for 36 gold pieces
 67627 | Vaults:5 | Bought a scroll of acquirement for 624 gold pieces
 67640 | Vaults:5 | Received a gift from Trog
 67641 | Vaults:5 | Got translucent swamp dragon scales
 67673 | Vaults:5 | Identified the +0 swamp dragon scales of Zonaminwitz {*Slow
                  | +Inv rPois rC+} (You acquired it on level 5 of the Vaults)
 67885 | Vaults:5 | Received a gift from Trog
 68073 | Vaults:5 | Received a gift from Trog
 68258 | Vaults:5 | Reached XP level 26. HP: 261/261 MP: 13/22
 68804 | Vaults:5 | Reached skill level 27 in Bows
 69328 | Vaults:5 | Got a silver rune of Zot
 69862 | Slime:1  | Entered Level 1 of the Pits of Slime
 70079 | Slime:1  | Received a gift from Trog
 70738 | Slime:2  | Reached skill level 27 in Fighting
 70748 | Slime:2  | Received a gift from Trog
 71017 | Slime:2  | Gained mutation: Scrolls take you a little longer to read.
                  | [a shining eye]
 71018 | Slime:2  | Received a gift from Trog
 71512 | Slime:3  | Gained mutation: Your muscles are strong. (Str +2) [a
                  | shining eye]
 72120 | Slime:4  | Received a gift from Trog
 72179 | Slime:4  | Gained mutation: You are frail. (-10% HP) [a shining eye]
 72639 | Slime:5  | Entered Level 5 of the Pits of Slime
 72796 | Slime:5  | Paralysed by a floating eye for 2 turns
 73240 | Slime:5  | Noticed the Royal Jelly
 73258 | Slime:5  | Killed the Royal Jelly
 73762 | Slime:5  | Got a slimy rune of Zot
 73772 | Slime:5  | Found the +7 Singing Sword {slice, sonic wave}
 73772 | Slime:5  | Got a pair of ichor-stained gloves
 73788 | Slime:5  | Found the +5 pair of quick blades "Gyre" and "Gimble"
                  | {pierce, Dex-3}
 73845 | Slime:5  | Identified the +1 pair of gloves of Ejiah {rF+ rN+ Dex+2}
                  | (You found it on level 5 of the Pits of Slime)
 73854 | Slime:5  | Got a scintillating pewter ring
 73857 | Slime:5  | Identified the ring "Zivavef" {rN+ MR+ EV+2 Str-4 SInv}
                  | (You found it on level 5 of the Pits of Slime)
 73859 | Slime:5  | Got a sparkling granite ring
 73862 | Slime:5  | Identified the ring of Poegouxzoh {rCorr *Corrode MR+ Str+4
                  | SInv} (You found it on level 5 of the Pits of Slime)
 73892 | Slime:5  | Got a scorched bone ring
 74580 | Depths:2 | Voluntarily entered the Abyss.
 74580 | Abyss:1  | Found a corrupted altar of Lugonu.
 74645 | Abyss:1  | Received a gift from Trog
 74762 | Abyss:1  | Noticed an ancient lich
 74768 | Abyss:1  | Killed an ancient lich
 74899 | Depths:2 | Escaped the Abyss
 74903 | Depths:2 | Voluntarily entered the Abyss.
 74934 | Abyss:2  | Found a corrupted altar of Lugonu.
 74939 | Abyss:2  | Found a corrupted altar of Lugonu.
 75427 | Abyss:3  | Reached XP level 27. HP: 243/245 MP: 7/22
 75579 | Abyss:3  | Received a gift from Trog
 75774 | Abyss:3  | Received a gift from Trog
 75784 | Abyss:3  | Identified the ring of Hiusom {EV+4 Str+5} (You found it on
                  | level 5 of the Pits of Slime)
 75902 | Abyss:3  | Received a gift from Trog
 76131 | Abyss:3  | Found a corrupted altar of Lugonu.
 76257 | Abyss:3  | Received a gift from Trog
 76393 | Abyss:3  | Found a corrupted altar of Lugonu.
 76649 | Abyss:3  | Found a corrupted altar of Lugonu.
 76856 | Abyss:3  | Found a corrupted altar of Lugonu.
 76900 | Abyss:3  | Found a corrupted altar of Lugonu.
 76989 | Abyss:3  | Found a corrupted altar of Lugonu.
 77073 | Abyss:3  | Received a gift from Trog
 77107 | Abyss:4  | Found a shimmering altar of Xom.
 77109 | Abyss:4  | Found a corrupted altar of Lugonu.
 77361 | Abyss:4  | Received a gift from Trog
 77361 | Abyss:4  | Reached skill level 27 in Armour
 77376 | Abyss:4  | Reached skill level 5 in Stealth
 77441 | Abyss:4  | Received a gift from Trog
 77454 | Abyss:5  | Entered Level 5 of the Abyss
 77454 | Abyss:5  | Entered Level 5 of the Abyss
 77554 | Abyss:5  | Received a gift from Trog
 77967 | Abyss:5  | Received a gift from Trog
 78004 | Abyss:5  | Reached skill level 10 in Dodging
 78036 | Abyss:5  | Paralysed by accursed screaming for 1 turns
 78352 | Abyss:5  | Received a gift from Trog
 78373 | Abyss:5  | Received a gift from Trog
 78494 | Abyss:5  | Received a gift from Trog
 78588 | Abyss:5  | Received a gift from Trog
 78753 | Abyss:5  | Found a corrupted altar of Lugonu.
 78784 | Abyss:5  | Received a gift from Trog
 78823 | Abyss:5  | Noticed an ancient lich
 78839 | Abyss:5  | Killed an ancient lich
 78839 | Abyss:5  | Reached skill level 10 in Stealth
 78839 | Abyss:5  | Reached skill level 15 in Dodging
 78841 | Depths:2 | Escaped the Abyss
 78844 | Depths:2 | Received a gift from Trog
 79253 | Depths:2 | Voluntarily entered the Abyss.
 79286 | Abyss:1  | Noticed an ancient lich
 79289 | Abyss:1  | Killed an ancient lich
 79345 | Abyss:1  | Paralysed by accursed screaming for 1 turns
 79821 | Abyss:3  | Received a gift from Trog
 80391 | Abyss:4  | Found a corrupted altar of Lugonu.
 80449 | Abyss:4  | Got an abyssal rune of Zot
 80566 | Abyss:4  | Found a corrupted altar of Lugonu.
 80682 | Abyss:4  | Noticed an ancient lich
 80687 | Abyss:4  | Killed an ancient lich
 80720 | Abyss:4  | Noticed an ancient lich
 80729 | Abyss:4  | Killed an ancient lich
 80779 | Abyss:4  | Received a gift from Trog
 80824 | Abyss:4  | Gained mutation: You are very frail. (-20% HP) [a neqoxec]
 80849 | Abyss:4  | Received a gift from Trog
 80971 | Abyss:4  | Received a gift from Trog
 81061 | Abyss:4  | Gained mutation: Your spells are a little easier to cast,
                  | but a little less powerful. [a neqoxec]
 81485 | Abyss:4  | Received a gift from Trog
 81536 | Abyss:4  | Paralysed by accursed screaming for 1 turns
 81887 | Abyss:4  | Received a gift from Trog
 81888 | Abyss:4  | Paralysed by accursed screaming for 1 turns
 81950 | Abyss:4  | Received a gift from Trog
 82009 | Abyss:5  | Entered Level 5 of the Abyss
 82028 | Abyss:5  | Found a corrupted altar of Lugonu.
 82298 | Abyss:5  | Found a corrupted altar of Lugonu.
 82303 | Depths:2 | Escaped the Abyss
 82307 | Depths:2 | Lost mutation: Your spells are a little easier to cast, but
                  | a little less powerful. [potion of mutation]
 82307 | Depths:2 | Lost mutation: Scrolls take you a little longer to read.
                  | [potion of mutation]
 82307 | Depths:2 | Lost mutation: Your muscles are strong. (Str +2) [potion of
                  | mutation]
 82307 | Depths:2 | Gained mutation: You are partially covered in rugged brown
                  | scales. (AC +1, +3% HP) [potion of mutation]
 82307 | Depths:2 | Gained mutation: You passively map a small area around you.
                  | [potion of mutation]
 82575 | Hell     | Entered the Vestibule of Hell
 82575 | Hell     | Noticed Geryon
 83001 | Hell     | Noticed Murray
 83015 | Hell     | Killed Murray
 83354 | Hell     | Killed Geryon
 83357 | Hell     | Received a gift from Trog
 83873 | Hell     | Found a gateway to the freezing wastes of Cocytus.
 83945 | Hell     | Found a gateway to the Iron City of Dis.
 84009 | Hell     | Found a gateway to the ashen valley of Gehenna.
 84098 | Hell     | Found a gateway to the decaying netherworld of Tartarus.
 84153 | Hell     | Received a gift from Trog
 84238 | Geh:1    | Entered Level 1 of Gehenna
 84588 | Hell     | Received a gift from Trog
 84756 | Geh:1    | Received a gift from Trog
 84893 | Geh:1    | Received a gift from Trog
 85057 | Geh:1    | Received a gift from Trog
 85294 | Geh:1    | Reached skill level 15 in Stealth
 85296 | Geh:1    | Received a gift from Trog
 85399 | Geh:1    | Received a gift from Trog
 85829 | Geh:1    | Received a gift from Trog
 85832 | Geh:1    | Got a steaming battleaxe {god gift}
 85833 | Geh:1    | Identified the +14 battleaxe "Fyckyqoe" {vamp, *Noise rElec
                  | rPois Str-2} (Trog gifted it to you on level 1 of Gehenna)
 86193 | Geh:5    | Received a gift from Trog
 86531 | Geh:7    | Entered Level 7 of Gehenna
 86552 | Geh:7    | Received a gift from Trog
 86699 | Geh:7    | Received a gift from Trog
 86914 | Geh:7    | Gained mutation: Your body sometimes deteriorates upon
                  | taking damage. [mutagenic glow]
 86949 | Geh:7    | Gained mutation: Your spells are a little easier to cast,
                  | but a little less powerful. [mutagenic glow]
 86976 | Geh:7    | Gained mutation: Your body often deteriorates upon taking
                  | damage. [mutagenic glow]
 87313 | Geh:7    | Found the +6 arbalest "Damnation" {damnation}
 88011 | Geh:7    | Received a gift from Trog
 88280 | Geh:7    | Identified the +7 sceptre of Asmodeus
 88280 | Geh:7    | Noticed Asmodeus
 88311 | Geh:7    | Killed Asmodeus
 88344 | Geh:7    | Got an obsidian rune of Zot
 88661 | Dis:1    | Entered Level 1 of the Iron City of Dis
 88774 | Dis:1    | Received a gift from Trog
 89416 | Dis:1    | Reached skill level 1 in Unarmed Combat
 90063 | Dis:1    | Received a gift from Trog
 90747 | Dis:2    | Gained mutation: Scrolls take you a little longer to read.
                  | [mutagenic glow]
 91376 | Dis:4    | Received a gift from Trog
 91416 | Dis:4    | Cast into level 3 of the Abyss (+0 glaive of distortion)
 91455 | Dis:4    | Escaped the Abyss
 92313 | Dis:4    | Received a gift from Trog
 93292 | Dis:5    | HP: 13/331 [??? (7)]
 94114 | Dis:6    | Received a gift from Trog
 94823 | Dis:6    | Received a gift from Trog
 95274 | Dis:7    | Entered Level 7 of the Iron City of Dis
 95314 | Dis:7    | Received a gift from Trog
 95322 | Dis:7    | Got a translucent executioner's axe {god gift}
 95325 | Dis:7    | Identified the +7 executioner's axe "Fuusy" {vamp, rElec
                  | Int+3} (Trog gifted it to you on level 7 of the Iron City
                  | of Dis)
 96030 | Dis:7    | Reached skill level 27 in Dodging
 96148 | Dis:7    | Received a gift from Trog
 96228 | Dis:7    | HP: 15/327 [??? (8)]
 96228 | Dis:7    | Slain by a hell knight

Skill      XL: |  1  2  3  4  5  6  7  8  9 10 11 12 13 14 15 16 17 18 19 20 21 22 23 24 25 26 27 |
---------------+----------------------------------------------------------------------------------+-----
Fighting       | 4 5 6 7 8 9 11 12 13 14 15 16 17 18 19 21 23 24 26 27 | 27.0
Axes           | 4 7 8 9 10 11 12 14 16 17 19 20 22 23 25 26 27 | 27.0
Armour         | 3 4 6 8 9 10 11 12 13 14 15 16 17 18 19 24 27 | 27.0
Dodging        | 3 4 5 6 7 27 | 27.0
Stealth        | 1 2 3 4 20 | 20.1
Bows           | 3 7 10 11 12 14 15 16 17 19 21 22 23 24 25 26 27 | 27.0
Maces & Flails | 1 |  1.9
Unarmed Combat | 1 |  1.2
Evocations     | |  0.1

Action                   |  1- 3 |  4- 6 |  7- 9 | 10-12 | 13-15 | 16-18 | 19-21 | 22-24 | 25-27 || total
-------------------------+-------+-------+-------+-------+-------+-------+-------+-------+-------++-------
Melee: Hand axe          |    86 |    22 |   315 |   456 |    50 |       |       |       |       ||   929
       Headbutt          |    13 |     8 |    63 |   124 |   187 |   130 |   150 |   243 |   947 ||  1865
       Battleaxe         |       |       |       |       |   623 |   122 |       |       |       ||   745
       Flail             |       |       |       |       |    27 |     4 |     2 |       |       ||    33
       Longbow           |       |       |       |       |     2 |       |       |     1 |       ||     3
       Executioner's axe |       |       |       |       |       |   278 |   462 |   686 |  2727 ||  4153
 Fire: Shortbow          |       |       |   113 |   378 |   386 |       |       |       |       ||   877
       Longbow           |       |       |       |       |   467 |   755 |   929 |   835 |  2493 ||  5479
Invok: Berserk           |       |     1 |     6 |     7 |     6 |     2 |       |     3 |     5 ||    30
       Trog's Hand       |       |       |     1 |       |       |       |       |       |    19 ||    20
Evoke: Wand              |       |       |       |     4 |       |       |       |       |       ||     4
  Use: Scroll            |       |       |       |    22 |    15 |    16 |     1 |    19 |    20 ||    93
       Potion            |       |       |       |       |       |     1 |       |       |    13 ||    14
 Stab: Distracted        |       |       |       |       |     1 |       |       |     2 |     2 ||     5
       Confused          |       |       |       |       |       |       |       |       |     2 ||     2
       Paralysed         |       |       |       |       |       |       |       |       |     2 ||     2
  Eat: Chunk             |     2 |     1 |    16 |    25 |    35 |    23 |    21 |    34 |    37 ||   194
       Ration            |       |       |     2 |     3 |     4 |     4 |     3 |     2 |    22 ||    40
Armor: Animal skin       |     4 |       |       |       |       |       |       |       |       ||     4
       Ring mail         |    17 |     5 |    40 |       |       |       |       |       |       ||    62
       Scale mail        |       |       |    92 |    11 |       |       |       |       |       ||   103
       Chain mail        |       |       |       |   244 |   405 |   290 |    38 |       |       ||   977
       Plate armour      |       |       |       |       |       |       |   251 |   241 |       ||   492
       Gold dragon scale |       |       |       |       |       |       |       |   204 |  1483 ||  1687
Dodge: Dodged            |    55 |     9 |   172 |   259 |   353 |   346 |   292 |   298 |  2064 ||  3848
Block: Other             |       |       |       |       |    49 |     4 |       |       |       ||    53
       Reflection        |       |       |       |       |     3 |       |       |       |       ||     3
